 Dungeon Crawl Stone Soup version 0.32-a0-666-ge8a88695a4 (webtiles) character file.

Game seed: 795944362838119001

2941 sokol815 the Fighter (level 9, -7/64 (68) HPs)
             Began as an Octopode Fighter on Mar 9, 2024.
             Was an Initiate of Gozag.
             Mangled by a wight
             ... wielding a +2 battleaxe of freezing
              (19 damage)
             ... on level 8 of the Dungeon.
             The game lasted 00:19:07 (8290 turns).

sokol815 the Fighter (Octopode Fighter)             Turns: 8290, Time: 00:19:08

HP:   -7/64 (68)    AC:  7    Str: 19    XL:     9   Next: 80%
MP:   21/21         EV: 13    Int: 17    God:    Gozag
Gold: 149           SH:  0    Dex: 11    Spells: 10/12 levels left

rFire   + . .        a - +7 lajatang of Order {silver, rMut}
rCold   + . .        (shield currently unavailable)
rNeg    + . .        l - -2 hat of the Alchemist {rElec rPois rF+ rC+ rN+ Will+ rMut rCorr}
rPois   +            (no amulet)
rElec   +            r - ring of magical power {MP+9}
rCorr   +            A - +4 ring of protection
SInv    .            I - +6 ring of intelligence
Will    +....        K - +4 ring of protection
Stlth   ++           (no ring)
HPRegen 0.30/turn    (no ring)
MPRegen 0.17/turn    (no ring)
                     (no ring)

%: resist mutation
@: gold aura, drained
A: almost no armour, amphibious, 8 rings, camouflage 1, gelatinous body 1,
(nimble swimmer 1), tentacles
a: Renounce Religion, Potion Petition, Call Merchant, Bribe Branch


You were on level 8 of the Dungeon.
You worshipped Gozag.
Gozag was aware of your devotion.
You visited 2 branches of the dungeon, and saw 9 of its levels.
You also visited: Ossuary.

You collected 1078 gold pieces.
You spent 840 gold pieces at shops.
You paid 89 gold pieces to Gozag.

Inventory:

Hand Weapons
 a - the +7 lajatang of Order (weapon) {silver, rMut}
   (You took it off an orc on level 6 of the Dungeon)

   rMut:      It protects you from mutation.
 b - a +5 trident
   (You took it off a wight on level 7 of the Dungeon)
 v - a +1 dagger of draining
   (You took it off a kobold on level 1 of the Dungeon)
 F - a +2 war axe of flaming
   (You found it on level 6 of the Dungeon)
Missiles
 c - 4 javelins
 d - 4 atropa-tipped darts
 e - 14 poisoned darts
 s - 64 stones
Armour
 j - an orb of light
   (You took it off a goblin on level 1 of the Dungeon)
 l - the -2 hat of the Alchemist (worn) {rElec rPois rF+ rC+ rN+ Will+ rMut rCorr}
   (You acquired it on level 5 of the Dungeon)

   rF+:       It protects you from fire.
   rC+:       It protects you from cold.
   rElec:     It insulates you from electricity.
   rPois:     It protects you from poison.
   rN+:       It protects you from negative energy.
   Will+:     It increases your willpower.
   rCorr:     It protects you from acid and corrosion.
   rMut:      It protects you from mutation.
 n - a +1 hat
   (You found it on level 2 of the Dungeon)
 E - a +1 buckler
Magical Staves
 g - a staff of cold {rC+}
   (You found it on level 3 of the Dungeon)
 u - a staff of death {rN+}
   (You found it on level 6 of the Dungeon)
Jewellery
 f - a ring of fire {rF+, rC-}
   (You found it on level 4 of the Dungeon)
 r - a ring of magical power (left tentacle) {MP+9}
   (You found it on level 5 of the Dungeon)
 A - a +4 ring of protection (right tentacle)
   (You bought it in a shop on level 2 of the Dungeon)
 I - a +6 ring of intelligence (on tentacle)
   (You found it on level 7 of the Dungeon)
 K - a +4 ring of protection (on tentacle)
   (You bought it in a shop on level 2 of the Dungeon)
Wands
 h - a wand of acid (11)
   (You found it on level 6 of the Dungeon)
 p - a wand of paralysis (20)
   (You found it in an ossuary)
 q - a wand of flame (42)
   (You took it off Robin on level 4 of the Dungeon)
 y - a wand of mindburst (13)
   (You found it on level 4 of the Dungeon)
Scrolls
 i - a scroll of torment {!r}
 k - a scroll of poison {unknown}
 m - 2 scrolls of enchant weapon
 o - a scroll of fog
 B - 2 scrolls of fear {unknown}
 D - a scroll of blinking {!r}
 O - a scroll of silence
 Y - a scroll of teleportation {@r3}
Potions
 t - 2 potions of lignification {unknown}
 w - a potion of berserk rage {unknown}
 x - a potion of haste {unknown}
 z - 2 potions of magic {unknown}
 C - a potion of attraction {unknown}
 G - 2 potions of heal wounds {unknown}
 H - a potion of invisibility
 J - 3 potions of curing {@q1}
 L - 2 potions of enlightenment {unknown}
 R - 3 potions of resistance
 U - a potion of mutation {!q}


   Skills:
 + Level 9.0 Fighting
 - Level 7.3(8.3) Polearms
 * Level 6.0(7.7) Staves
 - Level 3.0 Dodging
 - Level 3.0 Shields
 - Level 2.0 Spellcasting
 - Level 3.0 Translocations


You had 10 spell levels left.
You knew the following spells:

 Your Spells              Type           Power      Damage    Failure   Level
b - Blink                 Tloc           22%        N/A       9%          2

Your spell library contained the following spells:

 Spells                   Type           Power      Damage    Failure   Level
 Magic Dart               Conj           4%         1d3       19%         1
 Call Imp                 Summ           2%         N/A       28%         2


Dungeon Overview and Level Annotations

Branches:
Dungeon (8/15) Zot: 26438  Temple (1/1) D:4 Zot: 5961 Ossuary (visited)
   Lair: D:8-11

Altars:
Ashenzari
Cheibriados
Dithmenos
Elyvilon
Fedhas
Gozag
Hepliaklqana
Kikubaaqudgha
Makhleb
Nemelex Xobeh
Okawaru
Qazlal
Ru
Sif Muna
Trog
Vehumet
Xom
Yredelemnul
Zin
The Shining One

Shops:
D:2 !=*(   D:3 ?   D:4 (

Annotations:
D:5 exclusion: 2 ogres
D:6 2 runed translucent doors, cforsyth's ghost, novice MDNe
D:8 exclusion: black bear, Joseph


Innate Abilities, Weirdness & Mutations

You cannot wear most types of armour.
You are amphibious.
You can wear up to eight rings at the same time.
Your skin changes colour to match your surroundings (Stealth+).
Your rubbery body absorbs attacks. (AC +1, EV +1)
((You are camouflaged when in or above water. (Stealth+)))
You have tentacles for arms and can constrict up to eight enemies at once.


Message History

Something barely misses you. The orc warrior barely misses you.
You barely miss the orc warrior. Your grab misses the orc warrior.
Something hits you but does no damage.
The orc warrior hits you with a +0 hand axe.
You take 2 damage, and have 65/67 hp.
You hit the orc warrior. You grab the orc warrior.
You constrict the orc warrior. Something hits you but does no damage.
The orc warrior closely misses you.
You completely miss the orc warrior. You squeeze the orc warrior.
You kill the orc warrior!
Something hits you but does no damage.
You hear some strange, mumbled words.
Something tries to affect you, but you resist.
Things that are here:
5 gold pieces; a +0 hand axe; a +0 chain mail You closely miss something.
Your squeeze misses something. Something hits you. x2
You take 4 damage, and have 62/67 hp.
You miss something. Your squeeze misses something.
Something hits you but does no damage.
You closely miss something.
The orc is distracted by your dazzling golden aura.
Something hits you but does no damage.
You barely miss something. Something barely misses you.
You barely miss something. Something hits you.
You take 2 damage, and have 61/67 hp.
The orc shouts!
You hit something. Your squeeze misses something.
You hear some strange, mumbled words.
A magic dart appears from out of thin air!
The magic dart hits you!
You take 7 damage, and have 54/67 hp.
You slash something!
Reactivating autopickup.
You feel a bit more experienced.
The orc is no longer distracted by gold.
Items here: $ )) [[.
You slice the orc!!
You kill the orc!
You now have 145 gold pieces (gained 12).
Items here: )) [[.
Okay, then.
You now have 149 gold pieces (gained 4).
You see here a +0 whip.
A wight comes into view. It is wielding a +3 great sword.
Health restored: 67 No target in view!
No target in view! 2 wights come into view.
A wight is wielding a +3 scimitar of freezing.
A wight comes into view. It is wielding a +1 great sword.
A wight comes into view.
It is wielding a +2 battleaxe of freezing.
You barely miss the wight. You grab the wight. You constrict the wight.
The wight barely misses you.
You hit the wight. You constrict the wight! The wight misses you.
You slash the wight!
You destroy the wight!
The wight completely misses you.
Things that are here:
24 gold pieces; a +3 scimitar of freezing; a +0 robe You closely miss the wight.
Your grab misses the wight. The wight hits you with a +2 trident.
You partially resist.
You feel drained.
The wight unwields a +3 great sword.
The wight wields a +0 shortbow.
The wight shoots an arrow.
The arrow hits you!
You take 13 damage, and have 54/66 hp.
You slash the wight!
You destroy the wight!
The wight throws a stone.
The stone hits you.
Your life force feels restored.
Your Fighting skill increases to level 9!
Your base Staves skill increases to level 6!
You take 1 damage, and have 53/68 hp.
A kobold comes into view. It is wielding a +0 whip.
The wight hits you but does no damage.
The wight unwields a +0 shortbow.
The wight wields a +3 great sword.
The wight closely misses you.
You closely miss the wight.
The kobold shouts!
Your grab misses the wight.
The wight is distracted by your dazzling golden aura.
The wight hits you with a +3 great sword!
You take 9 damage, and have 45/68 hp.
You closely miss the wight.
The wight is no longer distracted by gold.
You grab the wight. You constrict the wight!
The wight hits you with a +2 battleaxe of freezing!
You partially resist.
You feel drained. The wight freezes you.
The wight hits you with a +3 great sword!
* * * LOW HITPOINT WARNING * * *
You partially resist.
You feel drained.
* * * LOW HITPOINT WARNING * * *
You take 33 damage, and have 12/64 hp.
MASSIVE DAMAGE!!
Unknown command.
You release your grip on the wight.
The wight attacks as it pursues you!
The wight hits you with a +2 battleaxe of freezing!!
You die...
Your body crumbles into a pile of gold.

.....##......#
....).#.._...#
###)#........## ##.
....##........#### ....
.############....# ...K.
.......# #.....#.##......
######.#.................
##### ##......#.##......
....# #.######@##....[.
###.# #. #$z.z..... # #
###z...... # ..##### #.#
.# .. .# .#


You could see 3 wights.

Vanquished Creatures
  Eustachio (D:6)
  An acid dragon (D:8)
  A water moccasin (D:7)
  2 orc warriors
  2 ice beasts
  A sky beast (D:7)
  A phantom (D:5)
  3 bullfrogs
  Blork the orc (D:6)
  5 water moccasin zombies (Ossuary)
  3 scorpions
  10 wights
  A burial acolyte (Ossuary)
  A howler monkey (D:6)
  2 hounds
  A jelly (D:7)
  A spectral scorpion (Ossuary)
  3 orc priests
  3 iguanas
  Terence (D:2)
  2 sleepcaps
  3 orc wizards
  2 crocodile zombies (Ossuary)
  2 mummies (Ossuary)
  Robin (D:4)
  5 adders
  A shadow imp (D:5)
  2 white imps (D:6)
  2 ufetubi (D:5)
  7 adder zombies (Ossuary)
  A ribbon worm (D:3)
  A dart slug (D:1)
  19 orcs
  6 bats
  7 endoplasms
  4 giant cockroaches
  14 gnoll zombies (Ossuary)
  10 goblins
  4 hobgoblins
  4 jackals (D:3)
  3 quokkas
  6 ball pythons
  A frilled lizard (D:1)
  7 jackal zombies (Ossuary)
  11 kobolds
  7 rats
176 creatures vanquished.

Notes
Turn   | Place    | Note
-------+----------+-------------------------------------------
     0 | D:1      | sokol815 the Octopode Fighter began the quest for the Orb.
     0 | D:1      | Reached XP level 1. HP: 16/16 MP: 1/1
   107 | D:1      | Reached XP level 2. HP: 21/21 MP: 2/2
   392 | D:1      | Reached XP level 3. HP: 26/26 MP: 3/3
   657 | D:2      | Found Pixtesoo's Distillery.
   736 | D:2      | Learned a level 2 spell: Blink
   895 | D:2      | Noticed Terence
   904 | D:2      | Killed Terence
   905 | D:2      | Reached skill level 3 in Polearms
   905 | D:2      | Reached XP level 4. HP: 27/33 MP: 4/4
   930 | D:2      | Found Makhol's General Store.
   939 | D:2      | Bought a scroll of identify for 20 gold pieces
  1038 | D:2      | Found a broken altar of Ashenzari.
  1087 | D:2      | Found Vivob's Jewellery Shoppe.
  1099 | D:2      | Found Fuoxzeth's Weapon Shop.
  1253 | D:3      | Reached skill level 1 in Translocations
  1447 | D:3      | Found a stormy altar of Qazlal.
  1627 | D:3      | Found a glowing golden altar of the Shining One.
  1792 | D:3      | Found Walaib's Magic Scroll Shoppe.
  1797 | D:3      | Bought a scroll of identify for 28 gold pieces
  2233 | D:4      | Noticed a +0 great mace
  2236 | D:4      | Reached skill level 4 in Fighting
  2236 | D:4      | Found Ejonoazxan's Weapon Boutique.
  2238 | D:4      | Noticed a +0 demon blade
  2350 | D:4      | You fall into a shaft and drop 1 floor!
  2350 | D:5      | Entered Level 5 of the Dungeon
  2371 | D:5      | Reached skill level 1 in Spellcasting
  2399 | D:5      | Reached XP level 5. HP: 22/37 MP: 6/6
  2470 | D:5      | Identified a scroll of acquirement
  2471 | D:5      | Acquired the -2 hat of the Alchemist {rElec rPois rF+ rC+
                  | rN+ Will+ rMut rCorr}
  2471 | D:5      | Found the -2 hat of the Alchemist {rElec rPois rF+ rC+ rN+
                  | Will+ rMut rCorr}
  2594 | D:5      | Noticed an ogre
  2688 | D:4      | Found a staircase to the Ecumenical Temple.
  2697 | Temple   | Entered the Ecumenical Temple
  2716 | Temple   | Became a worshipper of Gozag Ym Sagoz the Greedy
  2746 | D:4      | Reached skill level 2 in Translocations
  2746 | D:4      | Reached XP level 6. HP: 27/44 MP: 8/8
  2932 | D:4      | Noticed Robin
  2946 | D:4      | Killed Robin
  2947 | D:4      | Reached skill level 2 in Spellcasting
  3505 | D:5      | Reached skill level 4 in Polearms
  4104 | D:5      | Noticed an ice beast
  4107 | D:5      | HP: 11/45 [something (4)]
  4108 | D:5      | Reached skill level 5 in Fighting
  4108 | D:5      | Reached skill level 3 in Translocations
  4108 | D:5      | Reached XP level 7. HP: 12/50 MP: 10/10
  4109 | D:5      | HP: 5/50 [something/magic dart (6)]
  4111 | D:5      | HP: 2/50 [something (4)]
  4119 | D:5      | HP: 5/50 [something (2)]
  4307 | D:5      | HP: 11/50 [ice beast (3)]
  4309 | D:5      | HP: 4/50 [ice beast (6)]
  4311 | D:5      | Reached skill level 5 in Polearms
  4726 | D:6      | Noticed Eustachio
  4727 | D:6      | Found a runed translucent door.
  4727 | D:6      | Noticed cforsyth's ghost (novice MDNe)
  4810 | D:6      | Noticed Blork the orc
  4837 | D:6      | Killed Blork the orc
  4838 | D:6      | Reached skill level 6 in Fighting
  4889 | D:6      | Reached XP level 8. HP: 52/57 MP: 11/11
  4966 | D:6      | Found a sand-covered staircase.
  4970 | Ossuary  | Entered an ossuary
  4988 | Ossuary  | Reached skill level 6 in Polearms
  5186 | Ossuary  | Reached skill level 7 in Fighting
  5467 | D:6      | Killed Eustachio
  5468 | D:6      | Reached skill level 7 in Polearms
  5675 | D:6      | Found a runed translucent door.
  5733 | D:6      | Found a radiant altar of Vehumet.
  5769 | D:6      | Reached skill level 1 in Staves
  5769 | D:6      | Reached XP level 9. HP: 62/66 MP: 12/12
  6133 | D:7      | Reached skill level 8 in Fighting
  6133 | D:7      | Reached skill level 2 in Staves
  6399 | D:2      | Bought a +4 ring of protection for 396 gold pieces
  6621 | D:7      | Reached skill level 3 in Staves
  6960 | D:7      | Reached skill level 4 in Staves
  7130 | D:2      | Bought a +4 ring of protection for 396 gold pieces
  7762 | D:8      | Noticed Joseph
  7964 | D:8      | Reached skill level 5 in Staves
  8201 | D:8      | Found a glowing silver altar of Zin.
  8287 | D:8      | Reached skill level 9 in Fighting
  8287 | D:8      | Reached skill level 6 in Staves
  8289 | D:8      | HP: 14/66 [wight/+3 great sword (10)]
  8290 | D:8      | Mangled by a wight

Illustrated notes

Levels and vault maps discovered:
D:1:      lightli_iron_boxes, layout_loops_cross, minmay_hexomino_r4
D:2:      layout_basic, serial_shops, nicolae_shop_rolling_square,
          nicolae_shop_statue_plus, shop, shop, basic_altar, uniq_terence
D:3:      layout_loops_corners, lemuel_doored_altar, grunt_qazlal_clouds,
          serial_shops, nicolae_shop_hallway_plus, minivault_5,
          kennysheep_minor_cross
D:4:      layout_loops_ring, minmay_temple_entry_glass, serial_shops,
          nicolae_shop_mannequins, hangedman_abyss_or_decor_lesser_grid,
          uniq_robin
D:5:      layout_loops_ring
D:6:      layout_basic, vehumet_altar_wand_db, ebering_ghost_sewer_f,
          nicolae_ossuary_entry_plus, grunt_decor_junction, uniq_blork_the_orc,
          uniq_eustachio
D:7:      layout_cave_pods
D:8:      layout_basic, nicolae_uskayaw_dance_studio,
          mainiacjoe_overflow_alcove_1, overflow_temple_1_default,
          due_lair_maze_entry_diamond, uniq_joseph
Temple:   nicolae_temple_superstar

Skill      XL: |  1  2  3  4  5  6  7  8  9 |
---------------+----------------------------+-----
Polearms       | 3 4 5 7 |  7.3
Translocations | 1 2 3 |  3.0
Fighting       | 4 5 6 7 9 |  9.0
Spellcasting   | 1 2 |  2.0
Staves         | 1 6 |  6.0
Dodging        | |  3.0
Shields        | |  3.0

Action                     |  1- 3 |  4- 6 |  7- 9 || total
---------------------------+-------+-------+-------++-------
  Melee: Trident           |    68 |   136 |   178 ||   382
         Constrict         |    10 |    27 |    55 ||    92
         Tentacles         |     8 |    16 |    65 ||    89
         Lajatang          |       |       |    63 ||    63
  Throw: Stone             |     1 |       |       ||     1
  Evoke: Wand              |       |       |     5 ||     5
    Use: Scroll            |     4 |    14 |       ||    18
         Potion            |       |     2 |     2 ||     4
   Stab: Sleeping          |     5 |     7 |    13 ||    25
         Distracted        |     1 |       |     4 ||     5
 Armour: Skin              |     8 |    50 |    80 ||   138
  Dodge: Dodged            |    22 |    38 |    73 ||   133
  Block: Buckler           |     6 |    21 |    21 ||    48

Table legend: (Time is in decaauts)
 A = Elapsed time spent in this place.
 B = Non-inter-level travel time spent in this place.
 C = Inter-level travel time spent in this place.
 D = Time resting spent in this place.
 E = Time spent auto-exploring this place.
 F = Levels seen in this place.
 G = Mean time per level.
                   A        B        C        D        E       F      G
               +--------+--------+--------+--------+--------+-----+--------+
         Total |   8345 |   7533 |    812 |    709 |   5513 |  10 |  834.5 |
       Dungeon |   7833 |   7058 |    775 |    537 |   5381 |   8 |  979.1 |
        Temple |     38 |      1 |     37 |      0 |      0 |   1 |   38.0 |
       Ossuary |    473 |    473 |      0 |    172 |    132 |   1 |  473.0 |
               +--------+--------+--------+--------+--------+-----+--------+

Top non-repeatable levels by time:
     D:5: 1682 daAuts
     D:3: 1184 daAuts
     D:7: 1121 daAuts
     D:4: 1001 daAuts
     D:6: 989 daAuts
     D:2: 666 daAuts
     D:1: 627 daAuts
     D:8: 560 daAuts
 Ossuary: 473 daAuts
  Temple: 38 daAuts

Levels and vault maps discovered:
D:1:      lightli_iron_boxes, layout_loops_cross, minmay_hexomino_r4
D:2:      layout_basic, serial_shops, nicolae_shop_rolling_square,
          nicolae_shop_statue_plus, shop, shop, basic_altar, uniq_terence
D:3:      layout_loops_corners, lemuel_doored_altar, grunt_qazlal_clouds,
          serial_shops, nicolae_shop_hallway_plus, minivault_5,
          kennysheep_minor_cross
D:4:      layout_loops_ring, minmay_temple_entry_glass, serial_shops,
          nicolae_shop_mannequins, hangedman_abyss_or_decor_lesser_grid,
          uniq_robin
D:5:      layout_loops_ring
D:6:      layout_basic, vehumet_altar_wand_db, ebering_ghost_sewer_f,
          nicolae_ossuary_entry_plus, grunt_decor_junction, uniq_blork_the_orc,
          uniq_eustachio
D:7:      layout_cave_pods
D:8:      layout_basic, nicolae_uskayaw_dance_studio,
          mainiacjoe_overflow_alcove_1, overflow_temple_1_default,
          due_lair_maze_entry_diamond, uniq_joseph
Temple:   nicolae_temple_superstar

Table legend: (Time is in decaauts)
 A = Elapsed time spent in this place.
 B = Non-inter-level travel time spent in this place.
 C = Inter-level travel time spent in this place.
 D = Time resting spent in this place.
 E = Time spent auto-exploring this place.
 F = Levels seen in this place.
 G = Mean time per level.
                   A        B        C        D        E       F      G
               +--------+--------+--------+--------+--------+-----+--------+
         Total |   8345 |   7533 |    812 |    709 |   5513 |  10 |  834.5 |
       Dungeon |   7833 |   7058 |    775 |    537 |   5381 |   8 |  979.1 |
        Temple |     38 |      1 |     37 |      0 |      0 |   1 |   38.0 |
       Ossuary |    473 |    473 |      0 |    172 |    132 |   1 |  473.0 |
               +--------+--------+--------+--------+--------+-----+--------+

Top non-repeatable levels by time:
     D:5: 1682 daAuts
     D:3: 1184 daAuts
     D:7: 1121 daAuts
     D:4: 1001 daAuts
     D:6: 989 daAuts
     D:2: 666 daAuts
     D:1: 627 daAuts
     D:8: 560 daAuts
 Ossuary: 473 daAuts
  Temple: 38 daAuts

Table legend:
 A = Kills in this place as a percentage of kills in the entire game.
 B = Kills by you in this place as a percentage of kills by you in the entire game.
 C = Kills by friends in this place as a percentage of kills by friends in the entire game.
 D = Other kills in this place as a percentage of other kills in the entire game.
 E = Experience gained in this place as a percentage of experience gained in the entire game.
 F = Experience gained in this place divided by the number of levels of this place that you have seen.
                   A       B       C       D       E      F
               +-------+-------+-------+-------+-------+----------------------
         Total | 100.0 | 100.0 |   N/A |   N/A | 100.0 | 420.2
       Dungeon |  77.8 |  77.8 |   N/A |   N/A |  84.0 | 441.4
       Ossuary |  22.2 |  22.2 |   N/A |   N/A |  16.0 | 671.0
               +-------+-------+-------+-------+-------+----------------------
